 Dungeon Crawl Stone Soup version 0.17-a0-2122-g03d97ec (webtiles) character file.

35 Xajberja the Skirmisher (level 3, 0/29 HPs)
             Began as a Demonspawn Wanderer on Oct 18, 2015.
             Slain by Terence
             ... wielding a +0 falchion
              (7 damage)
             ... on level 2 of the Dungeon on Oct 21, 2015.
             The game lasted 00:02:48 (1045 turns).

Xajberja the Skirmisher (Demonspawn Wanderer)       Turns: 1045, Time: 00:02:48

Health: 0/29       AC:  2    Str: 11    XL:     3   Next: 16%
Magic:  6/6        EV: 11    Int: 14    God:
Gold:   108        SH:  0    Dex: 13    Spells: 0 memorised, 6 levels left

rFire  . . .     SeeInvis .     l - +0 hand axe (chop)
rCold  + . .     Clarity  .     d - +0 robe
rNeg   . . .     SustAt   .     (no shield)
rPois  .         Gourm    .     (no helmet)
rElec  .         Spirit   .     (no cloak)
rCorr  .         Warding  .     (no gloves)
rMut   .         Stasis   .     (no boots)
MR     .....                    (no amulet)
Stlth  ++........               (no ring)
                                (no ring)

@: not resistant to hostile enchantments, unstealthy
A: claws 1, cold resistance 1
a: no special abilities


You were on level 2 of the Dungeon.
You were hungry.

You visited 1 branch of the dungeon, and saw 2 of its levels.

You collected 108 gold pieces.

Inventory:

Hand Weapons
 a - a +2 quarterstaff
 l - a +0 hand axe of chopping (weapon)
Armour
 c - a +0 buckler
 d - a +0 robe (worn)
Scrolls
 g - a scroll of magic mapping {unknown}
 h - 3 scrolls of identify {unknown}
 j - 2 scrolls of teleportation {unknown}
 k - a scroll of enchant weapon {unknown}
 m - a scroll of remove curse {unknown}
 o - 2 scrolls of blinking {unknown}
 p - a scroll of fog {unknown}
 s - a scroll of amnesia {unknown}
 t - a scroll of noise {unknown}
Potions
 b - 2 potions of curing
 q - 2 potions of heal wounds {unknown}
 r - a potion of cancellation {unknown}
Comestibles
 e - 2 bread rations
 f - a beef jerky
 n - a meat ration


   Skills:
 + Level 3.1 Fighting
 - Level 1.0 Staves
 - Level 1.0 Stealth
 - Level 1.7 Shields
 - Level 2.0 Spellcasting
   Level 2.0 Conjurations
   Level 1.0 Air Magic


You had 6 spell levels left.
You didn't know any spells.

Dungeon Overview and Level Annotations

Branches:
Dungeon (2/15)

Altars:

Annotations:
D:2 Terence


Innate Abilities, Weirdness & Mutations

You have sharp fingernails.
Your flesh is cold resistant.


Message History

You closely miss Terence.
Terence is severely wounded.
Terence hits you with a falchion.
* * * LOW HITPOINT WARNING * * *
You are too injured to fight recklessly!
You are too injured to fight recklessly!
You are too injured to fight recklessly!
You are too injured to fight recklessly!
You are too injured to fight recklessly!
You are too injured to fight recklessly!
You are too injured to fight recklessly!
You are too injured to fight recklessly!
You are too injured to fight recklessly!
You barely miss Terence.
Terence is severely wounded.
Terence closely misses you.
Drink which item? (? for menu, Esc to quit)
It was a potion of cure mutation.
It has a very clean taste.
Terence hits you with a falchion!
You die...

.. #.#
#...#.# #.#
...
#.....#.#.#
#.#
#####.#.###.#
#.......#
#######.#####
## .?....>..#
.# .#.####%.#
.# #...
#..####
.#####.#.#
#...@.#
.##....#.#
#.###@#
....##.#.#
#.# .#
.....#.#.#
#.. .#
.....#.#.#
### ##
.#.....#.#
.......#.#
.........#
.......###


You could see Terence.

Vanquished Creatures
  3 giant geckos
  A ball python (D:2)
  3 giant cockroaches (D:1)
  3 hobgoblins (D:1)
  7 kobolds
  5 bats
  A giant newt (D:1)
  3 goblins
26 creatures vanquished.

Notes
Turn   | Place    | Note
--------------------------------------------------------------
     0 | D:1      | Xajberja the Demonspawn Wanderer began the quest for the Orb.
     0 | D:1      | Xajberja set off with: a +2 quarterstaff, a potion of curing, a +0 buckler, a +0 robe, a bread ration
     0 | D:1      | Reached XP level 1. HP: 15/15 MP: 3/3
   201 | D:1      | Gained mutation: Your flesh is cold resistant. [demonic ancestry]
   201 | D:1      | Reached XP level 2. HP: 19/22 MP: 5/5
   266 | D:1      | Upgraded the game from 0.17-a0-2099-g910b1c6 to 0.17-a0-2122-g03d97ec
   855 | D:2      | Reached skill level 3 in Fighting
   874 | D:2      | Gained mutation: You have sharp fingernails. [demonic ancestry]
   874 | D:2      | Reached XP level 3. HP: 24/29 MP: 6/6
  1032 | D:2      | Noticed Terence
  1045 | D:2      | Slain by Terence

Vault maps used:
D:1:      dpeg_arrival_line_fractal
D:2:      uniq_terence

Action                   || total
-------------------------++-------
Melee: Quarterstaff      ||    15
       Hand axe          ||    62
  Use: Potion            ||     1
 Stab: Sleeping          ||     3
